 Dungeon Crawl Stone Soup version 0.21.1-1-g345015fe64 (webtiles) character file.

110 Evaline the Chucker (level 4, -4/44 HPs)
             Began as an Ogre Hunter on June 21, 2018.
             Slain by a worker ant (7 damage)
             ... on level 3 of the Dungeon.
             The game lasted 00:09:04 (3416 turns).

Evaline the Chucker (Ogre Hunter)                   Turns: 3416, Time: 00:09:05

Health: -4/44      AC:  3    Str: 16    XL:     4   Next: 91%
Magic:  4/4        EV: 10    Int: 12    God:
Gold:   179        SH:  0    Dex: 10    Spells: 3/3 levels left

rFire    . . .     SeeInvis .   a - +0 mace
rCold    . . .     Gourm    .   (no shield)
rNeg     . . .     Faith    .   b - +0 robe
rPois    .         Spirit   .   (helmet restricted)
rElec    .         Reflect  .   (no cloak)
rCorr    .         Harm     .   (gloves unavailable)
MR       .....                  (boots unavailable)
Stlth    +.........             (no amulet)
HPRegen  0.14/turn              (no ring)
MPRegen  0.09/turn              (no ring)

@: lethally poisoned (-4 -> -8)
A: large, unfitting armour, tough skin 1
a: no special abilities


You were on level 3 of the Dungeon.
You were not hungry.

You visited 1 branch of the dungeon, and saw 4 of its levels.

You collected 179 gold pieces.

Inventory:

Hand Weapons
 a - a +0 mace (weapon)
 r - a +2 broad axe of freezing
 w - a +0 trident
Missiles
 c - 2 large rocks
 d - 2 throwing nets
 h - 43 stones
 q - 2 poisoned tomahawks (quivered)
Armour
 b - a +0 robe (worn)
Scrolls
 e - a scroll of teleportation {unknown}
 g - 5 scrolls of remove curse {unknown}
 i - a scroll of magic mapping {unknown}
 j - a scroll of enchant weapon {unknown}
 l - a scroll of fear {unknown}
 n - 4 scrolls of identify {unknown}
 s - a scroll of blinking {unknown}
Potions
 k - a potion of lignification {unknown}
 m - 2 potions of curing {unknown}
 p - 2 potions of berserk rage {unknown}
Comestibles
 f - 9 rations


   Skills:
 - Level 2.9 Fighting
 + Level 1.3 Maces & Flails
 * Level 5.1 Throwing
 + Level 2.8 Dodging
 - Level 0.6 Stealth


You had 3 spell levels left.
You didn't know any spells.

Dungeon Overview and Level Annotations

Branches:
Dungeon (4/15)             Temple (0/1) D:4

Altars:

Annotations:
D:4 Trampli's ghost, amateur HOFi


Innate Abilities, Weirdness & Mutations

You are too large for most types of armour.
You have tough skin. (AC +1)


Message History

Press: ? - help, Shift-Dir - straight line, f - worker ant
Aim: a worker ant (heavily wounded)
You throw a large rock.
The large rock closely misses the worker ant.
You feel sick. The worker ant misses you. x2
Fire/throw which item? (* to show all) (? for menu, Esc to quit)
Press: ? - help, Shift-Dir - straight line, f/p - worker ant
Aim: a worker ant (heavily wounded)
You throw a large rock.
The large rock closely misses the worker ant.
You feel sick. The worker ant closely misses you. The worker ant bites you.
* * * LOW HITPOINT WARNING * * *
Fire/throw which item? (* to show all) (? for menu, Esc to quit)
Press: ? - help, Shift-Dir - straight line, f/p - worker ant
Aim: a worker ant (heavily wounded)
You throw a large rock.
The large rock closely misses the worker ant.
* * * LOW HITPOINT WARNING * * *
You feel sick. The worker ant bites you!
You die...

#############
#............ #
########
#......÷...#. #
#......#
#..........#. #
#.####.#
#......###.#.
###### #.# #.#
#......# #.#.
'....# #.# #.#
#......# #...
####.###.####.####
#......# ###.
+........(.....a@#
#......# #...
####.#######..##†#
#......# #.##
####...........#.##
######## #.#
'.................#
#.#
###########.......#
#.# .....#
#....##.## #.##
.....# #....##..#
#.#. .....#
#....###.## #.#.
.(...# #....# #..#
#.#<


You could see a worker ant.

Vanquished Creatures
  A hound (D:4)
  An ooze (D:4)
  An adder skeleton (D:4)
  3 worms
  4 dart slugs
  2 leopard geckos
  An orc (D:3)
  A ball python (D:3)
  9 bats
  3 giant cockroaches
  5 goblins
  6 hobgoblins
  5 kobolds
  4 frilled lizards
  4 rats
50 creatures vanquished.

Notes
Turn   | Place    | Note
-------+----------+-------------------------------------------
     0 | D:1      | Evaline the Ogre Hunter began the quest for the Orb.
     0 | D:1      | Reached XP level 1. HP: 22/22 MP: 1/1
    32 | D:1      | Reached XP level 2. HP: 7/29 MP: 2/2
  1064 | D:1      | Reached XP level 3. HP: 30/36 MP: 3/3
  2292 | D:3      | Reached skill level 5 in Throwing
  2327 | D:3      | Reached XP level 4. HP: 37/44 MP: 4/4
  2813 | D:3      | Reached skill level 1 in Maces & Flails
  3386 | D:4      | Noticed an ogre
  3401 | D:4      | Noticed Trampli's ghost (amateur HOFi)
  3405 | D:4      | Found a staircase to the Ecumenical Temple.
  3416 | D:3      | Slain by a worker ant

Skill      XL: |  1  2  3  4 |
---------------+-------------+-----
Dodging        | 2 |  2.8
Throwing       | 5 |  5.1
Maces & Flails | 1 |  1.3
Fighting       | |  2.9
Stealth        | |  0.6

Action                   |  1- 3 |  4- 6 || total
-------------------------+-------+-------++-------
Melee: Short sword       |   109 |       ||   109
       Mace              |    46 |    47 ||    93
       Spear             |    12 |       ||    12
       Club              |     1 |       ||     1
       Trident           |       |    11 ||    11
Throw: Large rock        |       |     3 ||     3
 Stab: Sleeping          |     1 |     1 ||     2
  Eat: Chunk             |     5 |     3 ||     8
Armor: Robe              |    61 |    19 ||    80
Dodge: Dodged            |   117 |    48 ||   165
